[Event "Titled Tuesday Blitz May 9 Early 2023"]
[White "Spalir, Jernej"]
[Black "Schut, Han"]
[WhiteFideId "14606518"]
[BlackFideId "1005561"]
[WhiteElo "2282"]
[BlackElo "2024"]
[Result "1-0"]
[Round "07"]
[TimeControl "180+2"]
[Date "2023.05.09"]
[WhiteClock "0:01:16"]
[BlackClock "0:00:07"]

1. d4 Nf6 2. c4 g6 3. f3 Nc6 4. e4 e5 5. d5 Nd4 6. Ne2 c5 7. Nxd4 cxd4 8. Bd3 Bg7 9. O-O O-O 10. c5 b6 11. b4 a5 12. Ba3 axb4 13. Bxb4 bxc5 14. Bxc5 d6 15. Bb4 Ba6 16. Bxa6 Rxa6 17. Nd2 Qa8 18. Qb3 Rb8 19. a3 Nd7 20. Nc4 Bf8 21. Rab1 f5 22. Qc2 f4 23. Qd2 Rc8 24. Na5 g5 25. Rfc1 Rxc1+ 26. Rxc1 Nc5 27. Rb1 h6 28. h4 Kg7 29. hxg5 hxg5 30. Nc6 Kg6 31. Kf2 Bg7 32. Qe2 Qh8 33. Bxc5 Qh4+ 34. Kg1 dxc5 35. Qxa6 Kh5 36. Ne7 g4 37. Qg6# 1-0


[Site "https://www.chess.com"]

[Event "Titled Tuesday Blitz May 9 Early 2023"]
[White "Dahlgren, James Allen"]
[Black "Rodchenkov, Sergey D."]
[WhiteFideId "22256873"]
[BlackFideId "4168712"]
[WhiteElo "2215"]
[BlackElo "2277"]
[Result "0-1"]
[Round "07"]
[TimeControl "180+2"]
[Date "2023.05.09"]
[WhiteClock "0:00:04"]
[BlackClock "0:00:06"]

1. d3 d5 2. g3 Nf6 3. Bg2 c6 4. f4 Bg4 5. Nd2 h5 6. h3 Bc8 7. e4 h4 8. g4 Qb6 9. Qe2 e6 10. Ngf3 a5 11. e5 Nfd7 12. d4 c5 13. c3 Nc6 14. Qf2 cxd4 15. cxd4 Qa6 16. Bf1 b5 17. a4 Qb6 18. Bxb5 Ba6 19. Qe2 Bxb5 20. Qxb5 Qc7 21. O-O Rb8 22. Qd3 Rb4 23. b3 Nxd4 24. Nxd4 Rxd4 25. Qxd4 Bc5 26. Bb2 Bxd4+ 27. Bxd4 O-O 28. Rac1 Qb7 29. Rc3 Rc8 30. Rfc1 Rxc3 31. Rxc3 f6 32. exf6 gxf6 33. Nf3 Kf7 34. Nxh4 Qb4 35. Nf3 e5 36. fxe5 fxe5 37. Nxe5+ Nxe5 38. Bxe5 Qe4 39. Rc7+ Ke6 40. Bg3 d4 41. Kh2 Qe2+ 42. Kh1 d3 43. Rc6+ Ke7 44. Rc7+ Kd8 45. Rc4 d2 46. Rd4+ Ke8 0-1


[Site "https://www.chess.com"]

[Event "Titled Tuesday Blitz May 9 Early 2023"]
[White "Petrovic, Aleksa"]
[Black "Jaivardhan Raj"]
[WhiteFideId "967629"]
[BlackFideId "25744437"]
[WhiteElo "2309"]
[BlackElo "1772"]
[Result "1-0"]
[Round "07"]
[TimeControl "180+2"]
[Date "2023.05.09"]
[WhiteClock "0:00:03"]
[BlackClock "0:00:04"]

1. Nf3 b6 2. g3 Nf6 3. Bg2 Bb7 4. O-O e6 5. c4 Be7 6. d4 O-O 7. Re1 c5 8. d5 exd5 9. Nh4 Ne4 10. cxd5 Bxh4 11. Bxe4 Bf6 12. Qc2 h6 13. Nc3 d6 14. Bh7+ Kh8 15. Bf5 Nd7 16. e4 Ne5 17. Qe2 a5 18. f4 Ba6 19. Nb5 Bxb5 20. Qxb5 Nf3+ 21. Kf2 Nxe1 22. Kxe1 Re8 23. Qd3 Qe7 24. e5 dxe5 25. d6 Qd8 26. Kf1 exf4 27. Bxf4 Bxb2 28. Rd1 Bd4 29. d7 Re7 30. Qf3 Ra7 31. Bxh6 gxh6 32. Qf4 Bg7 33. Rd6 f6 34. Rxf6 Re1+ 35. Kxe1 Qxf6 36. Qb8+ Bf8 37. d8=Q Qa1+ 38. Ke2 Qb2+ 39. Kf3 Qc3+ 40. Bd3 Rf7+ 41. Qf4 Rxf4+ 42. gxf4 Qf6 43. Qxf6+ Kg8 44. Qg6+ Bg7 45. Bc4+ Kh8 46. Qe8+ Kh7 47. Bd3# 1-0


[Site "https://www.chess.com"]

[Event "Titled Tuesday Blitz May 9 Early 2023"]
[White "Chernomordik, Pavel"]
[Black "Tuleyeva-Aketayeva, Dana"]
[WhiteFideId "2804530"]
[BlackFideId "13701932"]
[WhiteElo "2193"]
[BlackElo "2030"]
[Result "1/2-1/2"]
[Round "07"]
[TimeControl "180+2"]
[Date "2023.05.09"]
[WhiteClock "0:01:11"]
[BlackClock "0:00:10"]

1. e4 c5 2. Nc3 Nc6 3. Bb5 g6 4. Bxc6 dxc6 5. f4 Bg7 6. Nf3 Bg4 7. h3 Bxf3 8. Qxf3 Nf6 9. O-O O-O 10. Qf2 Qd4 11. d3 Qxf2+ 12. Rxf2 Nd7 13. Be3 Bd4 14. Re1 b5 15. Nd1 a5 16. c3 Bf6 17. e5 Bh4 18. Ree2 Bxf2+ 19. Nxf2 c4 20. dxc4 bxc4 21. Ne4 Rab8 22. Rd2 Rb7 23. Rd4 Nb6 24. Nc5 Rbb8 25. Re4 Rfd8 26. Na6 Rb7 27. Nc5 Rbb8 28. Na6 Rd1+ 29. Kh2 Ra8 30. Nc7 Rb8 31. Na6 Rb7 32. Nc5 Rb8 33. Na6 1/2-1/2


[Site "https://www.chess.com"]

[Event "Titled Tuesday Blitz May 9 Early 2023"]
[White "Hayrapetyan, Hovik"]
[Black "Vivas Zamora, Fabian Ernesto"]
[WhiteFideId "13302639"]
[BlackFideId "3902480"]
[WhiteElo "2348"]
[BlackElo "2244"]
[Result "1-0"]
[Round "07"]
[TimeControl "180+2"]
[Date "2023.05.09"]
[WhiteClock "0:01:23"]
[BlackClock "0:00:00"]

1. d4 Nf6 2. c4 g6 3. Nc3 d5 4. cxd5 Nxd5 5. e4 Nxc3 6. bxc3 Bg7 7. Nf3 c5 8. Rb1 O-O 9. Be2 cxd4 10. cxd4 Qa5+ 11. Bd2 Qxa2 12. O-O Bg4 13. Bg5 h6 14. Be3 Nc6 15. d5 Na5 16. Bc5 b6 17. Bxe7 Rfe8 18. d6 Nc6 19. Bb5 Nxe7 20. Bxe8 Rxe8 21. dxe7 Qa3 22. h3 Bxf3 23. Qxf3 Qxf3 24. gxf3 Rxe7 25. Rfd1 Be5 26. Rd5 Kg7 27. Rc1 Bf4 28. Rc6 Rb7 29. Rb5 Kf8 30. Kf1 Ke7 31. Ke2 Kd7 32. Rf6 Ke7 33. Rxf4 h5 34. e5 a6 35. Rb2 b5 36. Rf6 a5 37. Ra6 a4 38. Rxa4 1-0


[Site "https://www.chess.com"]

[Event "Titled Tuesday Blitz May 9 Early 2023"]
[White "Samaganova, Aleksandra"]
[Black "Zaragatski, Ilja"]
[WhiteFideId "13800221"]
[BlackFideId "4655192"]
[WhiteElo "1858"]
[BlackElo "2460"]
[Result "0-1"]
[Round "07"]
[TimeControl "180+2"]
[Date "2023.05.09"]
[WhiteClock "0:00:01"]
[BlackClock "0:00:58"]

1. c4 e5 2. Nc3 Nf6 3. Nf3 Nc6 4. a3 e4 5. Ng5 Qe7 6. d4 h6 7. Nh3 g5 8. e3 d6 9. Ng1 Bg7 10. Nge2 h5 11. b4 h4 12. b5 Nd8 13. Bb2 h3 14. g3 Bg4 15. Qc2 Bf3 16. Rg1 c6 17. Nc1 Ng4 18. bxc6 bxc6 19. Qa4 Nxh2 20. d5 Qd7 21. Nb3 Ng4 22. Bxh3 Rxh3 23. Na5 Ne5 24. Rb1 Rh2 25. Rf1 cxd5 26. Qxd7+ Kxd7 27. cxd5 Nd3+ 28. Kd2 Nxf2 29. Ke1 Nd3# 0-1


[Site "https://www.chess.com"]

[Event "Titled Tuesday Blitz May 9 Early 2023"]
[White "Gontcharov, Vladislav"]
[Black "Shubenkova, Veronika"]
[WhiteFideId "4123492"]
[BlackFideId "44124040"]
[WhiteElo "2420"]
[BlackElo "2060"]
[Result "1/2-1/2"]
[Round "07"]
[TimeControl "180+2"]
[Date "2023.05.09"]
[WhiteClock "0:00:12"]
[BlackClock "0:00:10"]

1. d4 e6 2. c4 d5 3. Nc3 Nf6 4. Bg5 Be7 5. e3 O-O 6. Rc1 c6 7. Bd3 Nbd7 8. Nge2 Re8 9. O-O e5 10. cxd5 Nxd5 11. Bxe7 Nxe7 12. Qc2 Ng6 13. Rfd1 exd4 14. Nxd4 Qg5 15. Bf1 Nf6 16. Nf3 Qa5 17. Qa4 Qb6 18. b3 Bg4 19. Qd4 Bxf3 20. Qxb6 axb6 21. gxf3 Rad8 22. Na4 Nd5 23. f4 Nh4 24. Bg2 Nxg2 25. Kxg2 f5 26. Kf3 Kf7 27. Rd4 Ke6 28. Rcd1 Ke7 29. h4 b5 30. Nc5 b6 31. Na6 Rg8 32. a3 Nc3 33. Rc1 Rxd4 34. exd4 Nd5 35. Rxc6 Kd7 36. Rc1 Ra8 37. Nb4 Nxb4 38. axb4 Ra3 39. Rc3 Kd6 40. Ke3 Kd5 41. Kd3 Ra1 42. Rc8 Rd1+ 43. Ke3 Re1+ 44. Kd3 Rd1+ 45. Ke3 Re1+ 46. Kd2 Rb1 47. Rd8+ Ke4 48. Rd7 Rxb3 49. Rxg7 Rxb4 50. Rxh7 Rxd4+ 51. Kc3 Rc4+ 52. Kb3 Kxf4 53. Rg7 Kf3 54. h5 Rh4 55. Rg5 Kf4 56. Rg6 Rxh5 57. Rxb6 Rh2 58. Kc3 Rxf2 59. Rxb5 Rf3+ 60. Kd2 Ra3 61. Ke2 Kg4 62. Kf2 Ra2+ 63. Kf1 f4 64. Rb8 Ra3 65. Rf8 Kf3 66. Kg1 Ra1+ 67. Kh2 Ke3 68. Kg2 Ra2+ 69. Kf1 Rf2+ 70. Kg1 Ra2 71. Kf1 Kf3 72. Kg1 Ra1+ 73. Kh2 Rd1 74. Rf7 Rd6 75. Rf8 Rg6 76. Rf7 Ke3 77. Ra7 Kf3 78. Ra3+ Kg4 79. Kg2 Rb6 80. Kf2 Rb2+ 81. Kf1 f3 82. Ra8 Rb5 83. Rg8+ Rg5 84. Rxg5+ Kxg5 85. Kf2 Kf4 86. Kf1 Ke3 87. Ke1 Ke4 88. Kf2 Kf4 89. Kf1 Kg4 90. Kf2 Kf4 1/2-1/2


[Site "https://www.chess.com"]

[Event "Titled Tuesday Blitz May 9 Early 2023"]
[White "Kim, Sergey"]
[Black "Mouhamad, Joachim"]
[WhiteFideId "13700570"]
[BlackFideId "656410"]
[WhiteElo "2594"]
[BlackElo "2125"]
[Result "0-1"]
[Round "07"]
[TimeControl "180+2"]
[Date "2023.05.09"]
[WhiteClock "0:00:00"]
[BlackClock "0:00:02"]

1. d4 d5 2. c4 e6 3. Nc3 a6 4. e3 Nf6 5. Nf3 b6 6. a3 Bb7 7. Bd3 Bd6 8. cxd5 exd5 9. Ne5 O-O 10. O-O c5 11. f4 Nc6 12. Bf5 cxd4 13. Nxc6 Bxc6 14. exd4 Re8 15. Qf3 Ne4 16. Qh3 g6 17. Bxe4 dxe4 18. Be3 Qd7 19. f5 Bf8 20. d5 Bb5 21. fxg6 hxg6 22. Qxd7 Bxd7 23. Rfd1 b5 24. d6 Bg7 25. Rab1 Rad8 26. Nd5 Be5 27. Bg5 Rb8 28. Ne7+ Kg7 29. Rd5 f6 30. Be3 Be6 31. Rd2 Rbd8 32. Rbd1 Bxd6 33. Rxd6 Rxd6 34. Rxd6 Rxe7 35. Rxa6 Kf7 36. h4 Bc4 37. Rb6 Re6 38. Rb7+ Ke8 39. Kf2 Rd6 40. Kg3 Rd7 41. Rb6 Kf7 42. Kf4 Rd5 43. g4 f5 44. g5 Rd7 45. Rf6+ Kg7 46. Ke5 Bf7 47. Kf4 Re7 48. Rb6 Rd7 49. Rxb5 Rd3 50. Rb6 Rd1 51. h5 Rf1+ 52. Ke5 gxh5 53. Bd4 Kf8 54. g6 Bxg6 55. Rxg6 h4 56. Rh6 Rf3 57. Rxh4 e3 58. Rf4 e2 59. Bc3 Re3+ 60. Kxf5 e1=Q 61. Bxe1 Rxe1 62. Re4 Rb1 0-1


[Site "https://www.chess.com"]

[Event "Titled Tuesday Blitz May 9 Early 2023"]
[White "Reprintsev, Alexander"]
[Black "Gomes, Luiz Alexandre de Souza"]
[WhiteFideId "14100541"]
[BlackFideId "2102790"]
[WhiteElo "2218"]
[BlackElo "2393"]
[Result "0-1"]
[Round "07"]
[TimeControl "180+2"]
[Date "2023.05.09"]
[WhiteClock "0:00:00"]
[BlackClock "0:00:48"]

1. e4 c5 2. b3 Nc6 3. Bb2 a6 4. Nf3 d6 5. d4 cxd4 6. Nxd4 Bd7 7. Be2 Nf6 8. Nc3 e6 9. Qd2 Be7 10. O-O-O Qc7 11. g4 h6 12. f4 Rc8 13. g5 hxg5 14. fxg5 Nh5 15. Bxh5 Rxh5 16. g6 Ne5 17. gxf7+ Nxf7 18. Kb1 b5 19. Rhg1 b4 20. Nce2 e5 21. Nf5 Bxf5 22. exf5 Rxh2 23. Rxg7 Bf6 24. Rg8+ Ke7 25. Rxc8 Qxc8 26. Qd3 Qc5 27. Nc1 a5 28. c4 bxc3 29. Bxc3 Ng5 30. Rd2 Rxd2 31. Qxd2 Ne4 32. Qh6 Nxc3+ 33. Kb2 Nd5 34. Qh7+ Kd8 35. Qg8+ Kc7 36. Qf7+ Kb6 37. Ne2 e4+ 38. Kb1 Nc3+ 0-1


[Site "https://www.chess.com"]

[Event "Titled Tuesday Blitz May 9 Early 2023"]
[White "ArtemDyachuk"]
[Black "micke12a"]
[WhiteElo "2530"]
[BlackElo "2381"]
[Result "1-0"]
[Round "07"]
[TimeControl "180+2"]
[Date "2023.05.09"]
[WhiteClock "0:00:02"]
[BlackClock "0:00:08"]

1. c4 Nf6 2. Nc3 e6 3. e4 d5 4. e5 d4 5. exf6 dxc3 6. bxc3 Qxf6 7. Nf3 e5 8. d4 Nc6 9. Be2 Bd6 10. c5 Be7 11. d5 Nd8 12. Bg5 Qg6 13. Bxe7 Kxe7 14. Nxe5 Qxg2 15. d6+ Kf8 16. Qd4 Qxh1+ 17. Kd2 Qxa1 18. dxc7 Qb2+ 19. Ke3 Qc1+ 20. Kf3 Bg4+ 21. Kxg4 Ne6 22. Nd7+ Kg8 23. Qe5 Qa1 24. Nb8 Qg1+ 25. Kh3 h6 26. c8=Q+ Kh7 27. Qf5+ g6 28. Qcxe6 gxf5 29. Qxf7+ Qg7 30. Qxf5+ Qg6 31. Qd7+ Qg7 32. Bd3+ Kg8 33. Bc4+ Kf8 34. Qd8# 1-0


[Site "https://www.chess.com"]

[Event "Titled Tuesday Blitz May 9 Early 2023"]
[White "Mohammed, Zozek Salah Mohammed"]
[Black "Boldoo, Erdenepurev"]
[WhiteFideId "4803361"]
[BlackFideId "4901037"]
[WhiteElo "2211"]
[BlackElo "2299"]
[Result "0-1"]
[Round "07"]
[TimeControl "180+2"]
[Date "2023.05.09"]
[WhiteClock "0:00:00"]
[BlackClock "0:00:55"]

1. d4 d5 2. Nf3 c6 3. g3 Nf6 4. Bg2 g6 5. O-O Bg7 6. c4 dxc4 7. Ne5 Ng4 8. Bf4 Nxe5 9. Bxe5 Bxe5 10. dxe5 Be6 11. Na3 Na6 12. Rc1 Qa5 13. Nxc4 Qxa2 14. Qd4 Rd8 15. Qh4 O-O 16. Rc3 Rd7 17. b3 Qxe2 18. Ne3 Rfd8 19. h3 Qd2 20. Rfc1 Qd4 21. Qg5 Nb4 22. Rc4 Bxc4 23. Rxc4 Qa1+ 24. Kh2 Nd3 25. Re4 Nxf2 26. Rh4 Rd1 27. g4 Rh1+ 28. Kg3 Qe1 29. Nf5 Nxh3+ 0-1


[Site "https://www.chess.com"]

[Event "Titled Tuesday Blitz May 9 Early 2023"]
[White "Hoffmann, Asa"]
[Black "Mrudul Dehankar"]
[WhiteFideId "2001470"]
[BlackFideId "25096990"]
[WhiteElo "2117"]
[BlackElo "2139"]
[Result "0-1"]
[Round "07"]
[TimeControl "180+2"]
[Date "2023.05.09"]
[WhiteClock "0:00:00"]
[BlackClock "0:00:02"]

1. d4 Nf6 2. Bg5 c5 3. d5 Ne4 4. Bc1 e6 5. g3 Nf6 6. c4 b5 7. Bg2 Bb7 8. e4 bxc4 9. Nc3 Na6 10. Bg5 Nb4 11. Nge2 Nd3+ 12. Kf1 h6 13. Be3 Nxb2 14. Qc2 Nd3 15. Qa4 exd5 16. exd5 Nb4 17. Rd1 Ng4 18. a3 Qf6 19. Kg1 Nxe3 20. fxe3 Nd3 21. Rf1 Qe5 22. e4 Qd6 23. Qxc4 Ne5 24. Qb3 Be7 25. Qxb7 Rb8 26. Qxa7 O-O 27. Qa4 Qb6 28. h3 c4+ 29. Kh2 Bd6 30. Rb1 Qe3 31. Qc2 Qf2 32. Rhf1 Qe3 33. Qc1 Qc5 34. Rxb8 Rxb8 35. Qd2 Nd3 36. Nf4 Rb2 37. Qd1 Nxf4 38. gxf4 Qe3 39. e5 Bc5 40. Qf3 Qd2 41. Ne4 Qd4 42. Nxc5 Qxc5 43. f5 Rb3 44. Qf2 Qxa3 0-1


[Site "https://www.chess.com"]

[Event "Titled Tuesday Blitz May 9 Early 2023"]
[White "Kiseleva, Arina"]
[Black "Shuvalov, Evgenij"]
[WhiteFideId "4164989"]
[BlackFideId "4187237"]
[WhiteElo "1708"]
[BlackElo "2080"]
[Result "1/2-1/2"]
[Round "07"]
[TimeControl "180+2"]
[Date "2023.05.09"]
[WhiteClock "0:00:38"]
[BlackClock "0:00:50"]

1. d4 Nf6 2. Nf3 g6 3. c4 Bg7 4. Nc3 d5 5. cxd5 Nxd5 6. Bd2 O-O 7. e4 Nxc3 8. Bxc3 Bg4 9. Be2 e6 10. O-O Nc6 11. d5 exd5 12. exd5 Bxf3 13. Bxf3 Ne5 14. Bxe5 Bxe5 15. Qb3 Qd6 16. g3 Qf6 17. Bg2 Bxb2 18. Rab1 Bd4 19. Qxb7 Bb6 20. Qc6 Qxc6 21. dxc6 Rad8 22. Rfd1 Rxd1+ 23. Rxd1 Re8 24. Kf1 Re5 25. f4 Ra5 26. Bd5 Kf8 27. Rd2 Ra3 28. Bb3 Ra5 29. Rc2 Rb5 30. Ke2 a5 31. Kf3 Rb4 32. Rc4 Rxc4 33. Bxc4 Ke7 34. Ke4 f6 35. g4 g5 36. fxg5 fxg5 37. Kf5 Be3 38. h3 Kd6 39. Bb5 Kc5 40. a4 Kd6 41. Kf6 Bf4 42. Kg7 Bg3 43. Kxh7 Bh4 44. Kg6 Ke6 45. Bc4+ Ke7 46. Kf5 Kd6 47. Bb5 Kd5 48. Kf6 Kd6 49. Kf5 Kd5 50. Kf6 Kd6 51. Kf5 1/2-1/2


[Site "https://www.chess.com"]

[Event "Titled Tuesday Blitz May 9 Early 2023"]
[White "Hinds, Nathan"]
[Black "Namitbir Singh Walia"]
[WhiteFideId "7400730"]
[BlackFideId "35071068"]
[WhiteElo "2001"]
[BlackElo "2239"]
[Result "0-1"]
[Round "07"]
[TimeControl "180+2"]
[Date "2023.05.09"]
[WhiteClock "0:00:00"]
[BlackClock "0:00:44"]

1. Nf3 Nf6 2. c4 c5 3. g3 Nc6 4. Bg2 d5 5. cxd5 Nxd5 6. O-O e5 7. d3 Be7 8. Nc3 Be6 9. Bd2 O-O 10. Rc1 h6 11. Nxd5 Bxd5 12. Qa4 Rc8 13. Be3 b6 14. Nd2 Bxg2 15. Kxg2 Qd5+ 16. f3 Rfd8 17. a3 Rc7 18. Qc4 Nd4 19. Qxd5 Rxd5 20. Bxd4 exd4 21. f4 f5 22. b4 Rcd7 23. b5 Bf6 24. Nc4 Re7 25. Rc2 Rd8 26. a4 Re6 27. Ra1 Rde8 28. Kf3 Bd8 29. Kf2 Bc7 30. Kf3 g5 31. fxg5 hxg5 32. Rf1 Kg7 33. Rf2 Kg6 34. Kg2 g4 35. Ra2 Kg5 36. Rb2 Rh8 37. Rb1 f4 38. gxf4+ Bxf4 39. Rbf1 Rxh2+ 40. Kg1 Rxe2 41. Rxh2 Bxh2+ 42. Kh1 Bf4 43. a5 g3 44. Kg1 Kg4 45. axb6 axb6 46. Nxb6 Be3+ 47. Kh1 g2+ 0-1


[Site "https://www.chess.com"]

[Event "Titled Tuesday Blitz May 9 Early 2023"]
[White "Vlassov, Nikolai"]
[Black "Makhmudov, Shukhrat"]
[WhiteFideId "4103360"]
[BlackFideId "14200775"]
[WhiteElo "2324"]
[BlackElo "2135"]
[Result "1-0"]
[Round "07"]
[TimeControl "180+2"]
[Date "2023.05.09"]
[WhiteClock "0:00:31"]
[BlackClock "0:00:02"]

1. e4 e5 2. Bc4 Nf6 3. d3 Bc5 4. Nf3 Nc6 5. Bg5 Bb6 6. Nc3 h6 7. Bh4 d6 8. Nd5 g5 9. Nxg5 Nxd5 10. Qh5 Bxf2+ 11. Bxf2 Qxg5 12. Qxg5 hxg5 13. Bxd5 g4 14. O-O Be6 15. Bxe6 fxe6 16. Be3 Nb4 17. Rf2 Rf8 18. a3 Rxf2 19. Bxf2 Nc6 20. Rf1 Kf7 21. Bxa7+ Kg7 22. Be3 Kg6 23. h3 gxh3 24. gxh3 Nd4 25. Bxd4 exd4 26. Kg2 Ra6 27. Kg3 Ra5 28. h4 Rc5 29. Rf2 b5 30. Kg4 Rc6 31. h5+ Kg7 32. Rh2 Rc5 33. h6+ Kh7 34. b4 Rc3 35. Kg5 Rxa3 36. Rf2 Ra1 37. Rf7+ Kg8 38. Rxc7 Rf1 39. Kg6 Rg1+ 40. Kf6 e5 41. Rg7+ 1-0


[Site "https://www.chess.com"]

[Event "Titled Tuesday Blitz May 9 Early 2023"]
[White "Womacka, Mathias"]
[Black "Barbot, Pierre"]
[WhiteFideId "4611390"]
[BlackFideId "663727"]
[WhiteElo "2377"]
[BlackElo "2431"]
[Result "1/2-1/2"]
[Round "07"]
[TimeControl "180+2"]
[Date "2023.05.09"]
[WhiteClock "0:00:04"]
[BlackClock "0:00:05"]

1. e4 c6 2. d4 d5 3. Nd2 dxe4 4. Nxe4 Nf6 5. Nxf6+ exf6 6. Bc4 Bd6 7. Qe2+ Qe7 8. Qxe7+ Kxe7 9. Ne2 Bf5 10. c3 Nd7 11. Bf4 Rhe8 12. O-O-O Nb6 13. Bd3 Bxd3 14. Rxd3 Nd5 15. Bxd6+ Kxd6 16. Kd2 Re7 17. c4 Nb4 18. Rb3 c5 19. a3 Nc6 20. d5 Rxe2+ 21. Kxe2 Nd4+ 22. Kd3 Nxb3 23. h4 Re8 24. h5 h6 25. Rh3 Re5 26. f4 Re1 27. Rg3 Nd4 28. Rxg7 Rd1+ 29. Kc3 Rc1+ 30. Kd3 Ke7 31. Rh7 Rg1 32. Rxh6 Rxg2 33. b4 cxb4 34. axb4 Nc2 35. Kc3 Ne3 36. Rh8 Rf2 37. Rb8 Rxf4 38. Rxb7+ Kf8 39. d6 Ke8 40. Re7+ Kd8 41. Rxe3 Rh4 42. Re7 Rxh5 43. Rxf7 Rf5 44. Rxa7 Rf1 45. c5 f5 46. c6 Rc1+ 47. Kd4 Rxc6 48. Kd5 Rc1 49. Rf7 Rd1+ 50. Ke6 Re1+ 51. Kxf5 Rb1 52. Ke6 Re1+ 53. Kd5 Rd1+ 54. Kc5 Rc1+ 55. Kb6 Rb1 56. b5 Rb2 57. Kc6 Rc2+ 58. Kb7 Rb2 59. b6 Rb1 60. Kb8 Rxb6+ 61. Ka7 Rxd6 62. Kb7 Rd7+ 63. Rxd7+ Kxd7 1/2-1/2


[Site "https://www.chess.com"]

[Event "Titled Tuesday Blitz May 9 Early 2023"]
[White "Arat, Ufuk Sezen"]
[Black "Smith, Shreyas"]
[WhiteFideId "6309089"]
[BlackFideId "7400713"]
[WhiteElo "2289"]
[BlackElo "2151"]
[Result "1-0"]
[Round "07"]
[TimeControl "180+2"]
[Date "2023.05.09"]
[WhiteClock "0:00:37"]
[BlackClock "0:00:07"]

1. e4 c5 2. Nf3 Nc6 3. d4 cxd4 4. Nxd4 e5 5. Nb5 d6 6. c4 Be7 7. N1c3 a6 8. Na3 f5 9. Bd3 f4 10. Nc2 Nf6 11. b3 O-O 12. Ba3 Nd4 13. f3 Be6 14. Nxd4 exd4 15. Nb1 b5 16. O-O bxc4 17. Bxc4 Bxc4 18. bxc4 Qb6 19. Nd2 Nd7 20. Nb3 Bf6 21. Rc1 Rac8 22. Kh1 a5 23. Bb2 d3 24. Bxf6 Rxf6 25. Qxd3 Rh6 26. Nd4 Nc5 27. Qd2 Rf8 28. Nf5 Rhf6 29. Qd5+ Kh8 30. Rb1 Qd8 31. Rbd1 Nd7 32. Qd2 Ne5 33. c5 g6 34. Nxd6 Qe7 35. Qxa5 Qg7 36. Qc3 Re6 37. Nc4 Nxc4 38. Qxc4 Qh6 39. Qxe6 1-0


[Site "https://www.chess.com"]

[Event "Titled Tuesday Blitz May 9 Early 2023"]
[White "Zampronha, Wladimir Camilo"]
[Black "Hossain, Enamul"]
[WhiteFideId "2103087"]
[BlackFideId "10200649"]
[WhiteElo "2176"]
[BlackElo "2433"]
[Result "0-1"]
[Round "07"]
[TimeControl "180+2"]
[Date "2023.05.09"]
[WhiteClock "0:00:00"]
[BlackClock "0:01:12"]

1. e4 c5 2. Nf3 Nc6 3. d4 cxd4 4. Nxd4 Nf6 5. Nc3 e5 6. Ndb5 d6 7. Bg5 a6 8. Na3 b5 9. Nd5 Be7 10. Bxf6 Bxf6 11. c3 Rb8 12. Nc2 Bg5 13. Bd3 O-O 14. O-O Be6 15. Ncb4 Qc8 16. a4 Nxb4 17. Nxb4 a5 18. Nd5 bxa4 19. Rxa4 Bxd5 20. exd5 Rxb2 21. Rxa5 Qxc3 22. Qa1 Rfb8 23. Rd1 g6 24. Ra2 Qd4 25. Rxb2 Rxb2 26. Rf1 Bd8 27. Qa6 Bb6 28. Kh1 Rxf2 0-1


[Site "https://www.chess.com"]

[Event "Titled Tuesday Blitz May 9 Early 2023"]
[White "Antonio, Jorge Carlos"]
[Black "Liu, Casper"]
[WhiteFideId "113190"]
[BlackFideId "1454153"]
[WhiteElo "2247"]
[BlackElo "2221"]
[Result "0-1"]
[Round "07"]
[TimeControl "180+2"]
[Date "2023.05.09"]
[WhiteClock "0:00:28"]
[BlackClock "0:00:55"]

1. d4 c5 2. e3 cxd4 3. exd4 d5 4. Nf3 Nf6 5. Bd3 Bg4 6. c3 e6 7. Bf4 Bd6 8. Bxd6 Qxd6 9. O-O O-O 10. Re1 Nc6 11. Nbd2 e5 12. dxe5 Nxe5 13. Be2 Ng6 14. h3 Bd7 15. Nd4 Rfe8 16. N2f3 Ne4 17. Bd3 Nf4 18. Bf1 g5 19. Nh2 h5 20. f3 Ng3 21. Rxe8+ Rxe8 22. Qd2 Qe5 23. Qf2 Nxf1 24. Nxf1 Bxh3 25. Nc2 Nxg2 26. Qd4 Nh4 27. Qxe5 Nxf3+ 28. Kh1 Rxe5 29. Nfe3 f5 30. Rd1 f4 31. Nxd5 Re2 32. Nd4 Bg2# 0-1


[Site "https://www.chess.com"]

[Event "Titled Tuesday Blitz May 9 Early 2023"]
[White "Rosenberg, Evan S"]
[Black "Toktomushev, Teimur"]
[WhiteFideId "2019299"]
[BlackFideId "14176726"]
[WhiteElo "2263"]
[BlackElo "2116"]
[Result "0-1"]
[Round "07"]
[TimeControl "180+2"]
[Date "2023.05.09"]
[WhiteClock "0:00:47"]
[BlackClock "0:00:05"]

1. d4 d5 2. Nf3 Nf6 3. c3 c5 4. dxc5 e6 5. Be3 Nc6 6. b4 b6 7. b5 Na5 8. c6 a6 9. a4 Nc4 10. Nbd2 Nxe3 11. fxe3 Ng4 12. e4 Bc5 13. Nd4 e5 14. e3 Nxe3 15. Qh5 exd4 16. cxd4 Bxd4 17. Rc1 Bg4 18. c7 Qf6 19. Qxg4 Nxg4 20. c8=Q+ Rxc8 21. Rxc8+ Kd7 22. Rxh8 Qf2+ 23. Kd1 Ne3+ 24. Kc1 Qe1# 0-1


[Site "https://www.chess.com"]

[Event "Titled Tuesday Blitz May 9 Early 2023"]
[White "Martic, Ivan"]
[Black "babbilator"]
[WhiteFideId "929301"]
[WhiteElo "2360"]
[BlackElo "2280"]
[Result "0-1"]
[Round "07"]
[TimeControl "180+2"]
[Date "2023.05.09"]
[WhiteClock "0:01:09"]
[BlackClock "0:00:52"]

1. d4 Nf6 2. Bg5 e6 3. e4 h6 4. Bxf6 Qxf6 5. c3 d5 6. e5 Qd8 7. Nf3 c5 8. dxc5 Nd7 9. b4 Qc7 10. Bb5 Be7 11. O-O O-O 12. Re1 b6 13. c6 Nb8 14. Qa4 a6 15. Nd4 f6 16. exf6 Rxf6 17. Nf3 Ra7 18. Bd3 Nxc6 19. Qb3 Rxf3 20. gxf3 Qf4 21. Qc2 Bd6 22. Nd2 Rc7 23. a3 Qxh2+ 24. Kf1 Nd4 25. Qb2 Qh1# 0-1


[Site "https://www.chess.com"]

[Event "Titled Tuesday Blitz May 9 Early 2023"]
[White "Koridze, Lile"]
[Black "Kejzar, Petra"]
[WhiteFideId "13612514"]
[BlackFideId "14610213"]
[WhiteElo "2047"]
[BlackElo "2089"]
[Result "1/2-1/2"]
[Round "07"]
[TimeControl "180+2"]
[Date "2023.05.09"]
[WhiteClock "0:00:20"]
[BlackClock "0:00:32"]

1. d4 d5 2. c4 c6 3. Nf3 Nf6 4. e3 Bf5 5. Bd3 Bxd3 6. Qxd3 e6 7. O-O Nbd7 8. b3 Be7 9. Nc3 O-O 10. e4 dxe4 11. Nxe4 Nxe4 12. Qxe4 Nf6 13. Qe2 Qd7 14. Bb2 Rfe8 15. h3 Rad8 16. Rad1 h6 17. Ne5 Qc8 18. Ng4 Nxg4 19. Qxg4 Bf6 20. Rfe1 Re7 21. Bc3 Red7 22. Re3 c5 23. d5 Bxc3 24. Rxc3 exd5 25. cxd5 b6 26. d6 Qc6 27. Rg3 g6 28. Qf4 Rxd6 29. Rxd6 Qxd6 30. Qxh6 Qf6 31. Qc1 Qd4 32. Rf3 Qd1+ 33. Qxd1 Rxd1+ 34. Kh2 Ra1 35. a4 c4 36. bxc4 Rxa4 37. Rc3 Rb4 38. c5 bxc5 39. Rxc5 Rb2 40. Ra5 Rxf2 41. Rxa7 Kg7 42. Kg3 Rb2 43. Ra6 Rb4 44. Rc6 Kh6 45. Rf6 Kg7 46. Rc6 f5 47. Ra6 Kh6 48. Ra8 Kg5 49. Ra3 Kh5 50. Rc3 g5 51. Rc5 f4+ 52. Kh2 Rb2 53. Rf5 Ra2 54. Rf6 Rb2 55. Rf5 Kg6 56. Rf8 Rb7 57. Kg1 Rb2 58. Kh2 Kh5 59. Rf6 Rc2 60. Rf5 Kg6 61. Rf8 Rc3 62. Kg1 Rg3 63. Kh2 Ra3 64. Kg1 Kg7 65. Rf5 Kg6 66. Rf8 Ra5 67. Kh2 Kg7 68. Rb8 Kf6 69. Re8 Kf5 70. Kg1 Ra2 71. Re7 Kf6 72. Re8 Ra3 73. Re1 f3 74. gxf3 Rxf3 75. Rf1 Rxf1+ 76. Kxf1 Kf5 77. Kg2 Kf4 78. Kf2 Kf5 79. Kg3 Kg6 80. Kg4 Kh6 81. h4 gxh4 82. Kxh4 1/2-1/2


[Site "https://www.chess.com"]

[Event "Titled Tuesday Blitz May 9 Early 2023"]
[White "Gutkin, Ilya"]
[Black "Chemin, Justo Reinaldo"]
[WhiteFideId "16203470"]
[BlackFideId "2101580"]
[WhiteElo "2265"]
[BlackElo "1940"]
[Result "1-0"]
[Round "07"]
[TimeControl "180+2"]
[Date "2023.05.09"]
[WhiteClock "0:02:13"]
[BlackClock "0:00:38"]

1. e4 e6 2. d4 d5 3. exd5 exd5 4. Nc3 c6 5. Bd3 Bd6 6. Nge2 Ne7 7. Bf4 O-O 8. Qd2 Ng6 9. Bxd6 Qxd6 10. h4 Re8 11. O-O-O Nf8 12. h5 h6 13. f3 Nbd7 14. g4 Qf6 15. f4 Ne6 16. Rdg1 Ndf8 17. g5 hxg5 18. fxg5 Qe7 19. g6 f6 20. h6 gxh6 21. g7 Nxg7 22. Qxh6 Ne6 23. Qh8+ Kf7 24. Bg6# 1-0


[Site "https://www.chess.com"]